 Dungeon Crawl Stone Soup version 0.17.0-22-g5edae84 (webtiles) character file.

900 mrpyro the Martial Artist (level 8, -4/48 HPs)
             Began as an Octopode Transmuter on Nov 12, 2015.
             Slain by an ogre
             ... wielding a +0 giant club
              (13 damage)
             ... on level 4 of the Dungeon.
             The game lasted 00:06:53 (3194 turns).

mrpyro the Martial Artist (Octopode Transmuter)     Turns: 3194, Time: 00:06:53

Health: -4/48      AC:  2    Str:  9    XL:     8   Next: 7%
Magic:  10/20      EV: 20    Int: 15    God:
Gold:   200        SH:  0    Dex: 20    Spells: 2 memorised, 7 levels left

rFire  . . .     SeeInvis .       - Unarmed
rCold  + . .     Clarity  .     (shield currently unavailable)
rNeg   . . .     SustAt   .     (helmet currently unavailable)
rPois  x         Gourm    .     (no amulet)
rElec  .         Spirit   .     f - ring of protection from cold
rCorr  .         Warding  .     j - ring of magical power
rMut   .         Stasis   .     (no ring)
MR     .....                    (no ring)
Stlth  ++........               (no ring)
                                (no ring)
                                (no ring)
                                (no ring)

@: spider-form (expiring), very slightly contaminated, hasted, very quick, not
resistant to hostile enchantments, unstealthy
A: almost no armour, amphibious, 8 rings, (constrict 8), (camouflage 0),
(gelatinous body 0)
a: End Transformation


You were on level 4 of the Dungeon.
You were not hungry.
You were a venomous arachnid creature.
You visited 1 branch of the dungeon, and saw 4 of its levels.

You collected 200 gold pieces.

Inventory:

Missiles
 a - 12 arrows
Jewellery
 f - a ring of protection from cold (left front leg)
 j - a ring of magical power (right front leg)
Wands
 n - a wand of flame (25)
Scrolls
 d - 2 scrolls of random uselessness {unknown}
 h - a scroll of identify
 l - 2 scrolls of recharging {unknown}
 m - a scroll of enchant weapon {unknown}
Potions
 i - a potion of cancellation
Books
 b - a book of Changes

   Spells                             Type                      Level
   a - Beastly Appendage              Transmutation                1
   b - Sticks to Snakes               Transmutation                2
   c - Spider Form                    Transmutation/Poison         3
   d - Ice Form                       Ice/Transmutation            4
   e - Blade Hands                    Transmutation                5
Comestibles
 c - 5 bread rations
 g - 3 chunks of flesh


   Skills:
 - Level 1.0 Fighting
 - Level 2.0 Dodging
 + Level 9.2 Unarmed Combat
 - Level 2.0 Spellcasting
 - Level 2.0 Transmutations
 - Level 2.3 Poison Magic


You had 7 spell levels left.
You knew the following spells:

 Your Spells              Type           Power        Failure   Level  Hunger
a - Beastly Appendage     Trmt           #.....       28%         1    #......
c - Spider Form           Trmt/Pois      #.........   52%         3    ###....


Dungeon Overview and Level Annotations

Branches:
Dungeon (4/15)
 Temple: D:4-7

Altars:
Gozag
Okawaru
Yredelemnul

Shops:
D:4 }:

Annotations:
D:4 Edmund


Innate Abilities, Weirdness & Mutations

You cannot wear most types of armour.
You are amphibious.
You can wear up to eight rings at the same time.
((You can use your tentacles to constrict eight enemies at once.))
((Your skin changes colour to match your surroundings (Stealth).))
((Your rubbery body absorbs attacks (AC +1).))


Message History

You have reached level 8!
With Pikel's spell broken, the former slaves thank you for their freedom.
Casting: Spider Form
Confirm with . or Enter, or press ? or * to list all spells.
You turn into a venomous arachnid creature.
The ogre hits you with a giant club!
* * * LOW HITPOINT WARNING * * *
Unknown command.
Drink which item? (? for menu, Esc to quit)
You feel better.
Drink which item? (? for menu, Esc to quit)
It was a potion of haste.
You feel yourself speed up. The ogre misses you.
An orc comes into view.
Your transformation is almost over.
A worker ant and Edmund come into view.
The orc shouts!
You bite the ogre!
The ogre is poisoned.
The ogre is moderately wounded.
The ogre hits you with a giant club!
You die...

#.∩...####### #####.(.....# ## ##
#.#####.# #. #.######.# #.#
#.#a..#.....# #.# #..@#.#####.#
#<# ############.#o# #.#####.#
####..........##.# #.....>.##
....)..#########s#######.##.####.
.#.....## #O##.........####.
###..)..########.##.####.....##..
# ##.........O...##.# ###..##...
###.....###########.# #.÷#....
........###########.# #......_
.#..................# #..#....
###.......########### #..##... #
###.###....# ##..###..


You could see an ogre and an orc.

Vanquished Creatures
  Pikel (D:4)
  Sigmund (D:3)
  A sky beast (D:3)
  A slave (D:4)
  A scorpion (D:4)
  An orc priest (D:4)
  5 adders
  2 worms (D:2)
  3 orcs
  5 giant cockroaches
  4 hobgoblins
  12 kobolds
  3 quokkas
  2 ball pythons
  4 bats
  A giant gecko (D:2)
  3 giant newts
  4 goblins
  2 jackals (D:2)
  10 rats
66 creatures vanquished.

Notes
Turn   | Place    | Note
--------------------------------------------------------------
     0 | D:1      | mrpyro the Octopode Transmuter began the quest for the Orb.
     0 | D:1      | Reached XP level 1. HP: 13/13 MP: 3/3
   388 | D:1      | Reached XP level 2. HP: 13/18 MP: 3/5
   897 | D:2      | Found a basalt altar of Yredelemnul.
   911 | D:2      | Reached skill level 4 in Unarmed Combat
   972 | D:2      | Reached XP level 3. HP: 10/23 MP: 3/6
   977 | D:2      | Learned a level 3 spell: Spider Form
  1257 | D:2      | Reached skill level 1 in Poison Magic
  1428 | D:2      | Found an iron altar of Okawaru.
  1984 | D:3      | Reached XP level 4. HP: 24/28 MP: 7/7
  2050 | D:3      | Noticed a sky beast
  2070 | D:3      | Killed a sky beast
  2070 | D:3      | Reached skill level 5 in Unarmed Combat
  2070 | D:3      | Reached XP level 5. HP: 5/33 MP: 8/8
  2443 | D:3      | Noticed Sigmund
  2459 | D:3      | Killed Sigmund
  2459 | D:3      | Reached skill level 6 in Unarmed Combat
  2459 | D:3      | Reached XP level 6. HP: 28/38 MP: 9/9
  2836 | D:4      | Found Ibadwes's Book Shoppe.
  2932 | D:4      | Found an opulent altar of Gozag.
  2985 | D:4      | Found Satumuw's Gadget Emporium.
  3067 | D:4      | Reached skill level 7 in Unarmed Combat
  3091 | D:4      | Reached XP level 7. HP: 43/43 MP: 10/10
  3159 | D:4      | Noticed Pikel
  3174 | D:4      | Killed Pikel
  3174 | D:4      | Reached skill level 9 in Unarmed Combat
  3174 | D:4      | Reached XP level 8. HP: 18/48 MP: 10/11
  3191 | D:4      | Noticed Edmund
  3194 | D:4      | Slain by an ogre

Action                   |  1- 3 |  4- 6 |  7- 9 || total
-------------------------+-------+-------+-------++-------
Melee: Unarmed           |    93 |    51 |    22 ||   166
 Cast: Beastly Appendage |    12 |     2 |       ||    14
       Spider Form       |     1 |     4 |     4 ||     9
  Use: Scroll            |       |     3 |       ||     3
       Potion            |       |       |     2 ||     2
 Stab: Sleeping          |     8 |     5 |       ||    13
  Eat: Chunk             |     4 |     4 |     1 ||     9
